 Dungeon Crawl Stone Soup version 0.31.0-11-ge490571c62 (webtiles) character file.

Game seed: 6554194540980900774

917 browni3141 the Cleaver (level 7, -1/64 HPs)
             Began as a Minotaur Fighter on Jan 28, 2024.
             Was a Follower of Okawaru.
             Slain by Maurice
             ... wielding a +3 short sword of freezing
              (2 damage)
             ... on level 7 of the Dungeon.
             The game lasted 00:01:45 (1954 turns).

browni3141 the Cleaver (Minotaur Fighter)           Turns: 1954, Time: 00:01:46

Health: -1/64      AC:  0    Str: 23    XL:     7   Next: 83%
Magic:  0/7        EV: 17    Int:  5    God:    Okawaru [*.....]
Gold:   0          SH:  0    Dex: 14    Spells: 6/6 levels left

rFire   . . .        a - melded +0 war axe
rCold   . . .        c - melded +0 buckler
rNeg    . . .        p - melded +2 ring mail "Noitos" {rC+ Int+3 Slay+2}
rPois   .            (helmet currently unavailable)
rElec   .            (cloak currently unavailable)
rCorr   .            e - melded +2 pair of gloves
SInv    .            (boots currently unavailable)
Will    .....        (no amulet)
Stlth   +            l - melded ring of protection from cold
HPRegen 0.30/turn    (ring currently unavailable)
MPRegen 0.10/turn

%: no passive effects
@: bat-form, flying, very quick
A: fast, flying, no casting, tiny, (horns 2), (retaliatory headbutt)
a: Renounce Religion, Heroism


You were on level 7 of the Dungeon.
You worshipped Okawaru.
Okawaru was aware of your devotion.
You were a bat.
You visited 2 branches of the dungeon, and saw 8 of its levels.

Inventory:

Hand Weapons
 a - a +0 war axe (melded)
Armour
 b - a +0 scale mail
 c - a +0 buckler (melded)
 e - a +2 pair of gloves (melded)
 p - the +2 ring mail "Noitos" (melded) {rC+ Int+3 Slay+2}
   (You found it on level 5 of the Dungeon)

   Int+3:     It affects your intelligence (+3).
   Slay+2:    It affects your accuracy & damage with ranged weapons and melee
   (+2).
   rC+:       It protects you from cold.
Jewellery
 l - a ring of protection from cold (melded)
Wands
 u - a wand of acid (9)
Scrolls
 f - a scroll of enchant weapon {unknown}
 i - a scroll of fog {unknown}
 n - a scroll of vulnerability {unknown}
 o - a scroll of brand weapon {unknown}
 q - a scroll of identify {unknown}
 t - a scroll of teleportation {unknown}
Potions
 d - a potion of might
 g - 2 potions of enlightenment {unknown}
 j - a potion of curing {unknown}
 k - a potion of attraction {unknown}
 m - a potion of resistance {unknown}
 r - a potion of invisibility {unknown}
 s - 2 potions of degeneration {unknown}


   Skills:
 + Level 6.6 Fighting
 * Level 8.2 Axes
 + Level 4.9 Armour
 - Level 3.6 Shields
 + Level 2.5 Invocations


You had 6 spell levels left.
You didn't know any spells.
Your spell library contained the following spells:

 Spells                   Type           Power      Damage    Failure   Level
 Ensorcelled Hibernation  Hex/Ice        0%         N/A       63%         2
 Passwall                 Erth           0%         N/A       85%         3
 Swiftness                Air            0%         N/A       85%         3
 Olgreb's Toxic Radiance  Alch           0%         N/A       99%         4
 Ozocubu's Refrigeration  Ice            0%         4d7       100%        7
 Discord                  Hex            0%         N/A       100%        8


Dungeon Overview and Level Annotations

Branches:
Dungeon (7/15)             Temple (1/1) D:4

Altars:
Ashenzari
Cheibriados
Elyvilon
Fedhas
Gozag
Kikubaaqudgha
Nemelex Xobeh
Okawaru
Qazlal
Ru
Sif Muna
Trog
Uskayaw
Vehumet
Wu Jian
Xom
Yredelemnul
Zin
The Shining One

Annotations:
D:7 Maurice


Innate Abilities, Weirdness & Mutations

You are a bat.
You are tiny and dextrous.
You move quickly.
You are flying.
Your equipment is almost entirely melded.
You are incapable of wielding weapons or throwing items.
You cannot cast spells.
((You have a pair of horns on your head.))
((You reflexively headbutt those who attack you in melee.))


Message History

Your +2 pair of gloves unmelds from your body.
Your +0 buckler unmelds from your body.
The +2 ring mail "Noitos" {rC+ Int+3 Slay+2} unmelds from your body.
Your ring of protection from cold unmelds from your body.
You start resting.
There is a strange disturbance nearby!
You hear some strange, mumbled words.
No target in view!
No target in view!
You hear a zap.
You turn into a tree.
Your +2 pair of gloves melds into your body.
The +2 ring mail "Noitos" {rC+ Int+3 Slay+2} melds into your body.
Your roots penetrate the ground.
You gain the combat prowess of a mighty hero.
You cannot move.
You cannot move.
You cannot move.
You barely miss something. Something completely misses you.
Something bites you but does no damage.
You hit something. Something hits you but does no damage.
Something bites you but does no damage.
You closely miss something. You slash something! Something hits you.
Something steals your 3 boomerangs! Something bites you but does no damage.
You slash something!
You hear some strange, mumbled words.
You swing at nothing.
You swing at nothing.
You swing at nothing.
Maurice appears from thin air!
Reactivating autopickup.
Maurice says, "Nice gear.
Can I borrow some?"
You swing at nothing.
You swing at nothing.
You hit Maurice.
Maurice is moderately wounded.
You closely miss Maurice.
Maurice is moderately wounded.
Maurice gestures wildly while chanting.
Maurice flickers and vanishes!
Deactivating autopickup; reactivate with Ctrl-A.
You barely miss something. Something hits you but does no damage.
Something bites you but does no damage.
You barely miss something. Something hits you but does no damage.
Something bites you.
You feel your power leaking away. Something drains your magic.
You barely miss something.
You hear some strange, mumbled words.
You swing at nothing.
You cannot move.
You cannot move.
You cannot move.
You swing at nothing.
Your transformation is almost over.
You swing at nothing.
You swing at nothing.
You slash something!
You feel like a meek peon again. Something hits you!
Something steals 106 gold pieces!
You now have 0 gold pieces.
Something bites you but does no damage.
You barely miss something. Something hits you but does no damage.
Something bites you but does no damage.
You hit something. Something completely misses you.
Something bites you but does no damage.
You slash something! Something hits you but does no damage.
Something bites you but does no damage.
You hit something.
You hear some strange, mumbled words.
You swing at nothing.
You swing at nothing.
A boomerang appears from out of thin air!
The boomerang hits you.
You swing at nothing.
You feel less wooden.
Your +2 pair of gloves unmelds from your body.
The +2 ring mail "Noitos" {rC+ Int+3 Slay+2} unmelds from your body.
You hear a zap.
You turn into a bat.
Your +0 war axe melds into your body.
Your +2 pair of gloves melds into your body.
Your +0 buckler melds into your body.
The +2 ring mail "Noitos" {rC+ Int+3 Slay+2} melds into your body.
Your ring of protection from cold melds into your body.
You swing at nothing.
Something hits you!
Something mutters, "Now where did you hide it?"
Something freezes you. Something bites you!
You feel your power leaking away. Something drains your magic.
You hit something but do no damage. Something hits you!
Something mutters, "Now where did you hide it?"
Something freezes you. Something bites you.
You feel your power leaking away. Something drains your magic.
You barely miss something. Something closely misses you. Something bites you.
Something drains your magic.
You hit something. Something hits you.
Something groans, "What are you, a monk?"
Something freezes you.
You die...

#......+........
#......#####.#.#
#......#####.#..
#...............
#......####..#..
#......# #..#.#
#..(...# #..#.#
#########......#
#.)#..
#...ยง..b....####
#..#..
##.##########
#..#.. #.# #..#..
#.# #..#.. #.#
#..#.. #.# #..#..
#.# #. #.< #.#
#..#.. #.# #..#..


There were no monsters in sight!

Vanquished Creatures
  Menkaure (D:7)
  3 ice beasts
  An orc warrior (D:7)
  2 sky beasts (D:7)
  2 bombardier beetles (D:4)
  An orc priest (D:7)
  An iguana (D:4)
  4 gnolls (D:3)
  3 adders
  A shadow imp (D:5)
  A white imp (D:6)
  A dart slug (D:1)
  10 orcs
  6 ball pythons
  2 bats
  3 endoplasms
  2 giant cockroaches
  A goblin (D:1)
  A hobgoblin (D:1)
  3 kobolds
  2 quokkas (D:1)
  A rat (D:1)
52 creatures vanquished.

Notes
Turn   | Place    | Note
-------+----------+-------------------------------------------
     0 | D:1      | browni3141 the Minotaur Fighter began the quest for the
                  | Orb.
     0 | D:1      | Reached XP level 1. HP: 19/19 MP: 0/0
    95 | D:1      | Reached skill level 3 in Axes
   128 | D:1      | Reached XP level 2. HP: 27/27 MP: 1/1
   132 | D:1      | Found a faded altar of an unknown god.
   412 | D:3      | Reached XP level 3. HP: 33/33 MP: 2/2
   417 | D:3      | Reached skill level 4 in Axes
   426 | D:3      | Reached XP level 4. HP: 3/41 MP: 3/3
   584 | D:4      | Reached skill level 5 in Axes
   585 | D:4      | Reached skill level 5 in Fighting
   585 | D:4      | Reached XP level 5. HP: 48/48 MP: 4/4
   802 | D:4      | Found a staircase to the Ecumenical Temple.
   816 | Temple   | Entered the Ecumenical Temple
   821 | Temple   | Became a worshipper of Warmaster Okawaru
   869 | D:5      | Entered Level 5 of the Dungeon
   870 | D:5      | Noticed an ice beast
   882 | D:5      | Killed an ice beast
   883 | D:5      | Reached skill level 6 in Axes
   883 | D:5      | Reached XP level 6. HP: 40/56 MP: 5/5
  1018 | D:5      | Identified the +2 ring mail "Noitos" {rC+ Int+3 Slay+2}
  1202 | D:7      | Noticed an ice beast
  1205 | D:7      | Noticed Menkaure
  1210 | D:7      | Killed an ice beast
  1218 | D:7      | Killed Menkaure
  1218 | D:7      | Reached * piety under Okawaru
  1219 | D:7      | Reached skill level 7 in Axes
  1219 | D:7      | Reached skill level 1 in Invocations
  1219 | D:7      | Reached XP level 7. HP: 9/63 MP: 5/7
  1734 | D:7      | Reached skill level 8 in Axes
  1862 | D:7      | Noticed Maurice
  1887 | D:7      | Something stole 66 gold
  1923 | D:7      | Something stole 3 boomerangs
  1939 | D:7      | Something stole 106 gold
  1954 | D:7      | HP: 1/64 [something (4)]
  1954 | D:7      | Slain by Maurice

Illustrated notes

Levels and vault maps discovered:
D:1:      dpeg_arrival_three_same_balls, layout_loops_ring,
          dreamdust_ecumenical_altar_grove
D:2:      layout_loops_corners, uniq_natasha, uniq_crazy_yiuf_cottage
D:3:      kennysheep_the_goblin_king, layout_basic
D:4:      layout_loops_corners, minmay_temple_entry_tees, minivault_11
D:5:      layout_layer_cave, grunt_ministairs_14, uniq_ijyb
D:6:      layout_loops_cross, minitemple, amethyst_killhole, dk_noncrumbling_2,
          patterned_corridor
D:7:      layout_basic, st_stairs_5, serial_park_tiny_1, uniq_jeremiah,
          uniq_maurice, uniq_duvessa, uniq_menkaure
Temple:   hellmonk_temple_of_storms

Skill      XL: |  1  2  3  4  5  6  7 |
---------------+----------------------+-----
Axes           | 3 4 5 6 7 8 |  8.2
Fighting       | 4 5 6 |  6.6
Armour         | 4 |  4.9
Invocations    | 1 2 |  2.5
Shields        | |  3.6

Action                     |  1- 3 |  4- 6 |  7- 9 || total
---------------------------+-------+-------+-------++-------
  Melee: War axe           |    40 |    60 |    46 ||   146
         Headbutt          |     8 |    11 |     8 ||    27
         Unarmed           |       |       |     3 ||     3
  Throw: Boomerang         |       |       |     4 ||     4
 Invoke: Heroism           |       |       |     1 ||     1
  Evoke: Wand              |       |       |     1 ||     1
 Armour: Scale mail        |    39 |    34 |       ||    73
         Ring mail         |       |     9 |    28 ||    37
         Skin              |       |       |    25 ||    25
  Dodge: Dodged            |    27 |    20 |     8 ||    55
  Block: Buckler           |     8 |     8 |     5 ||    21
